 Dungeon Crawl Stone Soup version 0.30.0-5-g1a98f26d00 (webtiles) character file.

Game seed: 16273218747155949400

4 Esekla the Trooper (level 1, -1/19 HPs)
             Began as a Barachi Cinder Acolyte on May 11, 2023.
             Was a High Priest of Ignis.
             Slain by a hobgoblin (4 damage)
             ... on level 1 of the Dungeon.
             The game lasted 00:00:59 (91 turns).

Esekla the Trooper (Barachi Cinder Acolyte)           Turns: 91, Time: 00:01:00

Health: -1/19      AC:  9    Str: 15    XL:     1   Next: 60%
Magic:  2/2        EV: 11    Int: 14    God:    Ignis [*****.]
Gold:   23         SH:  0    Dex:  7    Spells: 2/2 levels left

rFire   + . .        a - -1 falchion (flame)
rCold   . . .        (no shield)
rNeg    . . .        b - +0 robe
rPois   .            (no helmet)
rElec   .            (no cloak)
rCorr   .            (no gloves)
SInv    .            (no boots)
Will    .....        (no amulet)
Stlth   +            (no ring)
HPRegen 0.23/turn    (no ring)
MPRegen 0.08/turn

%: no passive effects
@: fiery-armoured, slow
A: amphibious, slowness 1, strong legs 1, +LOS
a: Hop, Renounce Religion, Fiery Armour, Foxfire Swarm, Rising Flame


You were on level 1 of the Dungeon.
You worshipped Ignis.
Ignis was extremely pleased with you.
You visited 1 branch of the dungeon, and saw 1 of its levels.

You collected 23 gold pieces.

Inventory:

Hand Weapons
 a - a -1 falchion of flaming (weapon)
Armour
 b - a +0 robe (worn)


   Skills:
 * Level 3.7 Fighting
 * Level 3.7 Long Blades
 * Level 1.1 Spellcasting
 * Level 0.4 Translocations
 + Level 3.2 Fire Magic


You had 2 spell levels left.
You didn't know any spells.
Your spell library contained the following spells:

 Spells                   Type           Power      Damage    Failure   Level
 Scorch                   Fire           18%        2d5       11%         2
 Blink                    Tloc           4%         N/A       32%         2
 Lesser Beckoning         Tloc           4%         N/A       32%         2
 Momentum Strike          Conj/Tloc      2%         3d8       34%         2


Dungeon Overview and Level Annotations

Branches:
Dungeon (1/15)

Altars:


Innate Abilities, Weirdness & Mutations

You are amphibious.
You cover ground slowly.
You can hop short distances.
You have an extended range of vision and can be seen from far away.


Message History

A goblin, a rat and 2 hobgoblins come into view.
Found 3 gold pieces.
Found an escape hatch in the floor.
The goblin shouts!
The hobgoblin shouts! x2; You hear a bark!
A jackal comes into view.
The rat bites you.
You hear a bark!
A bat comes into view.
The hobgoblin closely misses you. The bat attacks as you move away!
The bat closely misses you.
A quokka comes into view.
Found a scroll labelled HIESCH XOEHI and a scroll labelled FEMMEECURUO.
The bat barely misses you. x2; The bat hits you.
The hobgoblin attacks as you move away! The hobgoblin hits you.
The jackal barks!
The bat hits you but does no damage. The goblin hits you but does no damage.
A jackal comes into view.
The bat hits you but does no damage. The goblin hits you with a +0 dagger.
The quokka bites you. The goblin attacks as you move away!
The goblin barely misses you. The quokka attacks as you move away!
The quokka misses you. The hobgoblin hits you.
* * * LOW HITPOINT WARNING * * *
The quokka barely misses you. The goblin completely misses you.
The quokka barely misses you.
You closely miss the quokka. The quokka bites you.
* * * LOW HITPOINT WARNING * * *
A protective cloak of flame settles atop you.
The quokka barely misses you.
You hit the quokka but do no damage.
The quokka bites you but does no damage.
The quokka is burned by your cloak of flames.
The quokka is almost dead.
The quokka barely misses you.
You hit the quokka. You burn the quokka.
You kill the quokka!
You hit the rat but do no damage. The rat bites you but does no damage.
The rat is burned by your cloak of flames.
You kill the rat!
The hobgoblin hits you.
You die...

#......#
#...h# #....#
#....######.#.
#..$...?......
##..>...?.....
##..#####.###
#.g#####.#
#hgg@....#
##b####### #.#
#.# #.# #.#
#.. ###


You could see a jackal, 2 hobgoblins, a goblin and a bat.

Vanquished Creatures
  An endoplasm (D:1)
  A giant cockroach (D:1)
  A quokka (D:1)
  A rat (D:1)
4 creatures vanquished.

Notes
Turn   | Place    | Note
-------+----------+-------------------------------------------
     0 | D:1      | Esekla the Barachi Cinder Acolyte began the quest for the
                  | Orb.
     0 | D:1      | Reached XP level 1. HP: 18/18 MP: 2/2
    91 | D:1      | Slain by a hobgoblin

Illustrated notes

Levels and vault maps discovered:
D:1:      minmay_arrival_doors, layout_loops_ring

Action                     || total
---------------------------++-------
  Melee: Falchion          ||     9
 Invoke: Fiery Armour      ||     1
   Stab: Sleeping          ||     1
 Armour: Robe              ||     5
  Dodge: Dodged            ||    15
